 Dungeon Crawl Stone Soup version 0.31.0-11-ge490571c62 (webtiles) character file.

Game seed: 8613094608183416763

209719 Persephone the Warrior (level 18, -14/178 HPs)
             Began as a Demonspawn Berserker on Jan 30, 2024.
             Was a High Priest of Trog.
             Demolished by a nagaraja
             ... wielding a +1 halberd of holy wrath
              (42 damage)
             ... on level 4 of the Snake Pit on Jan 31, 2024.
             The game lasted 01:06:38 (34269 turns).

Persephone the Warrior (Demonspawn Berserker)      Turns: 34269, Time: 01:06:39

Health: -14/178    AC: 30    Str: 21    XL:     18   Next: 16%
Magic:  6/6        EV: 11    Int:  8    God:    Trog [*****.]
Gold:   576        SH: 21    Dex: 13    Spells: 17/17 levels left

rFire   . . .        c - +6 broad axe (antimagic)
rCold   . . .        W - +3 buckler {AC+3}
rNeg    . . .        i - +2 plate armour {rPois}
rPois   +            (helmet unavailable)
rElec   .            Z - +2 cloak of the Thief {*Fog Slay-2 SInv Stlth+}
rCorr   .            H - +2 pair of gloves
SInv    +            C - +2 pair of slick slippers {slick, slippery, EV+4}
Will    ++++.        I - amulet of Bugozxat {Acrobat Rampage Regen+ Str-4} Stlth
                     U - ring of poison resistance
HPRegen 2.29/turn    K - ring of willpower
MPRegen 0.10/turn

%: acrobat, rampage
@: about to teleport, strong-willed, regenerating, studying 2 skills
A: antennae 3, large bone plates 3, robust 2, spiny 2, condensation shield
}: 1/15 runes: decaying
a: Renounce Religion, Berserk, Trog's Hand, Brothers in Arms


You were on level 4 of the Snake Pit.
You worshipped Trog.
Trog was extremely pleased with you.
You visited 6 branches of the dungeon, and saw 31 of its levels.

You collected 3967 gold pieces.
You spent 3391 gold pieces at shops.

Inventory:

Hand Weapons
 b - the +7 morningstar "Huxiacwe" {freeze, rN+ Dex+4}
   (You bought it in a shop on level 2 of the Orcish Mines)

   Dex+4:     It affects your dexterity (+4).
   rN+:       It protects you from negative energy.
 c - a +6 antimagic broad axe (weapon)
 n - a +3 demon whip of electrocution
Missiles
 k - 5 javelins (quivered)
 L - 11 boomerangs
Armour
 i - a +2 plate armour of poison resistance (worn)
 C - the +2 pair of slick slippers (worn) {slick, slippery, EV+4}
   (You bought it in a shop on level 2 of the Orcish Mines)

   Slick:     Its wearer cannot be constricted, engulfed, netted or webbed.
   Slippery:  Its wearer slips away from damaging melee attacks, pulling the
   attacker onward.
   EV+4:      It affects your evasion (+4).
 H - a +2 pair of gloves (worn)
 W - a +3 buckler of protection (worn)
 Z - the +2 cloak of the Thief (worn) {*Fog Slay-2 SInv Stlth+}
   (You found it on level 3 of the Swamp)

   *Fog:      It may release a thick cloud of smoke when the wearer is hurt.
   Slay-2:    It affects your accuracy & damage with ranged weapons and melee
   (-2).
   SInv:      It lets you see invisible.
   Stlth+:    It makes you more stealthy.
Jewellery
 h - a +4 ring of slaying
 F - an amulet of faith
 I - the amulet of Bugozxat (around neck) {Acrobat Rampage Regen+ Str-4}
   (You bought it in a shop on level 1 of the Snake Pit)

   [amulet of the acrobat]

   Acrobat:   It increases your evasion while moving and waiting.
   Str-4:     It affects your strength (-4).
   Regen+:    It increases your rate of health regeneration.
   Rampage:   It bestows one free step when moving towards enemies.
 K - a ring of willpower (right hand)
 R - a ring of positive energy
 U - a ring of poison resistance (left hand)
Wands
 o - a wand of flame (55)
 t - a wand of roots (17)
 u - a wand of mindburst (13)
 A - a wand of paralysis (40)
 N - a wand of polymorph (3)
 X - a wand of digging (12)
Scrolls
 a - a scroll of fog
 e - 7 scrolls of vulnerability
 f - 4 scrolls of immolation
 j - 4 scrolls of blinking
 m - a scroll of silence
 p - a scroll of torment
 s - 13 scrolls of teleportation
 y - 5 scrolls of revelation
 B - 2 scrolls of poison
Potions
 g - 2 potions of resistance
 l - 4 potions of enlightenment
 q - 5 potions of curing
 r - a potion of might
 x - 2 potions of berserk rage
 z - 3 potions of lignification
 D - 5 potions of mutation
 E - 2 potions of invisibility
 G - 2 potions of cancellation
 J - 5 potions of ambrosia
 M - 2 potions of heal wounds
 O - a potion of magic
 Q - 5 potions of haste {unknown}
 V - a potion of attraction {unknown}
Miscellaneous
 v - a phial of floods
 w - a sack of spiders
 P - a tin of tremorstones (2/2)


   Skills:
 - Level 15.2 Fighting
 * Level 12.6(15.6) Axes
 - Level 15.0(16.8) Maces & Flails
 + Level 14.3 Throwing
 - Level 13.7 Armour
 - Level 1.7 Dodging
 - Level 9.3 Shields


You had 17 spell levels left.
You didn't know any spells.
Your spell library was empty.

Dungeon Overview and Level Annotations

Branches:
Dungeon (15/15)            Temple (0/1) D:6            Lair (5/5) D:11
  Swamp (4/4) Lair:3        Snake (4/4) Lair:3        Slime (1/5) Lair:5
    Orc (2/2) D:12            Elf (0/3) Orc:2        Vaults (0/5) D:14
 Depths: D:15

Altars:
Gozag
Kikubaaqudgha
Makhleb
Okawaru
Ru
Uskayaw

Shops:
D:1 (   D:2 *   D:4 [   D:8 (   D:11 :   D:13 [:   D:15 *   Orc:1 [
Orc:2 (?*:[:   Snake:1 =*   Snake:2 :*(*

Portals:
Hell: Lair:5
Abyss: D:4

Annotations:
D:4 2 transporters, DaftaChap's ghost, amateur BaHu
Swamp:1 Mlioglotl


Innate Abilities, Weirdness & Mutations

You have a pair of large antennae on your head. (SInv)
You are completely covered in large bone plates. (SH +8)
You are very robust. (+20% HP)
You are mostly covered in sharp spines.
A meltable shield of frost defends you. (SH +4)


Message History

As you read the scroll of teleportation, it crumbles to dust.
You feel strangely unstable.
The nagaraja gestures at you while chanting.
You block the poison arrow. You block the sea snake's attack.
The mana viper bites you but does no damage.
The naga mage is struck by your spines. The naga mage barely misses you.
The naga is struck by your spines. The naga barely misses you.
You closely miss the mana viper.
The mana viper is heavily wounded.
You slash the naga! You slash the sea snake! You barely miss the naga mage.
You hit the naga warrior. You slash the naga!
You kill the naga!
Trog accepts your kill. You block the mana viper's attack.
You block the sea snake's attack.
The nagaraja casts a spell.
The nagaraja seems to speed up.
The naga barely misses you. The naga mage is struck by your spines.
You kill the naga mage!
Trog accepts your kill.
Trog appreciates your killing of a magic user.
You slash the mana viper!
The mana viper is severely wounded.
You slash the naga! You hit the sea snake. You barely miss the naga warrior.
The mana viper misses you. You block the nagaraja's attack.
You block the sea snake's attack.
The naga warrior is struck by your spines.
The naga warrior hits you but does no damage.
The naga hits you but does no damage.
You barely miss the mana viper.
The mana viper is severely wounded.
You closely miss the naga warrior. You barely miss the naga.
You hit the sea snake.
The nagaraja hits you from afar with a +1 halberd of holy wrath!!
With a swish of your cloak, you release a cloud of fog.
You convulse!!
You block the mana viper's attack. You block the sea snake's attack.
The nagaraja hits you from afar with a +1 halberd of holy wrath!!
* * * LOW HITPOINT WARNING * * *
You convulse!!!
You die...

# #...
##.#.
#....##
#.....## {
{ ...
{#......##
...
+.....~≈#
...
#..N§N§§#
{ ...
+...§SS§#
.#.
{#..§N@§##
{ .#
#.§§§N## {
..#
#.§§§##
... ##.#.
... #...
.#.# { #
.. #..


You could see a nagaraja (fast, strong), a naga warrior, a sea snake, a mana
viper and 2 nagas.

Vanquished Creatures
  Nikola (Swamp:2)
  A thorn hunter (Swamp:1)
  4 fenstrider witches
  2 nagarajas
  Aizul (Snake:1)
  2 orc warlords (Orc:2)
  5 eleionomae
  The ghost of middlethird the Carver, a journeyman VSCj of the Shining One (Snake:2)
  The ghost of zenocrate the Unseen, a journeyman VSEn of Gozag (Lair:3)
  2 bunyips
  9 slime creatures
  A salamander tyrant (Snake:4)
  23 hydras
  Fannar (D:11)
  3 ogre magi
  4 alligators
  2 ghost crabs
  8 centaur warriors
  14 anacondas
  5 two-headed ogres
  A death knight (D:14)
  7 boulder beetles
  7 death yaks
  12 naga warriors
  2 tengu warriors (D:14)
  An occultist (Lair:5)
  2 orc high priests (Orc:2)
  7 shock serpents
  Nergalle (Lair:1)
  9 naga sharpshooters
  A deep elf knight (D:14)
  A fire crab (shapeshifter) (D:14)
  A sixfirhy (Lair:5)
  A skeletal warrior (D:14)
  2 skysharks
  A goliath frog (Swamp:2)
  2 salamander mystics (Snake:3)
  13 swamp dragons
  21 mana vipers
  10 bog bodies
  3 spriggan druids
  4 sea snakes (Snake:2)
  9 naga ritualists
  5 orc knights
  4 deep elf pyromancers
  3 ugly things
  8 cyclopes
  2 manticores
  9 orc sorcerers
  6 salamanders
  Maurice (D:7)
  A will-o-the-wisp (Swamp:3)
  11 naga magi
  7 guardian serpents
  19 elephants
  43 black mambas
  3 kobold blastminers (Orc:2)
  2 gargoyles
  12 cane toads
  2 centaur skeletons (D:14)
  Jeremiah (D:7)
  2 unseen horrors
  A kobold demonologist (D:13)
  4 komodo dragons
  An efreet (D:13)
  5 rime drakes
  An ice devil (Lair:5)
  A freezing wraith (D:15)
  A tengu conjurer (D:14)
  9 trolls
  A red devil (Lair:5)
  5 polar bears
  17 blink frogs
  3 tyrant leeches
  8 hornets
  16 dream sheep
  Prince Ribbit (D:5)
  Sigmund (D:2)
  A centaur simulacrum (D:14)
  4 spriggans
  A yak (shapeshifter) (D:8)
  4 wraiths
  A human (shapeshifter) (D:14)
  35 yaks
  5 wyverns
  8 vampire mosquitoes
  4 basilisks
  A steam dragon (D:10)
  5 wargs
  18 swamp worms
  Menkaure (D:5)
  44 nagas
  16 water moccasins
  3 acid dragons
  7 swamp drakes (Swamp:4)
  2 sky beasts
  31 orc warriors
  6 laughing skulls
  A sky beast (shapeshifter) (D:14)
  4 black bears
  2 ice beasts
  10 ogres
  11 wolves
  An ogre (shapeshifter) (D:12)
  9 centaurs
  3 kobold brigands
  2 phantoms (D:7)
  Blork the orc (D:5)
  10 bullfrogs
  2 gnoll sergeants
  3 scorpions
  14 wights
  10 killer bees
  3 electric eels
  7 howler monkeys
  3 jellies
  4 hounds
  13 orc priests
  2 bombardier beetles
  Crazy Yiuf (D:7)
  A gnoll bouda (D:5)
  4 hell rats (Lair:1)
  5 iguanas
  2 sleepcaps (D:5)
  Terence (D:1)
  24 orc wizards
  A boggart skeleton (D:14)
  Robin (D:4)
  24 gnolls
  8 adders
  A white imp (D:7)
  3 dart slugs
  86 orcs
  7 endoplasms
  3 giant cockroaches
  23 goblins
  14 hobgoblins
  3 jackals (D:2)
  17 kobolds
  5 quokkas
  7 ball pythons
  7 bats
  A frilled lizard (D:1)
  3 frilled lizard zombies (D:4)
  3 rats
991 creatures vanquished.

Vanquished Creatures (collateral kills)
  2 orange demons (Lair:5)
  A centaur skeleton (D:14)
  A red devil (Lair:5)
  A hellwing (Lair:5)
  An ice devil (Lair:5)
  3 hell hounds (Lair:5)
9 creatures vanquished.

Vanquished Creatures (others)
  2 bloated husks
  A tyrant leech (Swamp:2)
  A basilisk (D:13)
  An orc wizard (Orc:1)
  2 foxfires (Swamp:3)
7 creatures vanquished.

Grand Total: 1007 creatures vanquished

Notes
Turn   | Place    | Note
-------+----------+-------------------------------------------
     0 | D:1      | Persephone the Demonspawn Berserker began the quest for the
                  | Orb.
     0 | D:1      | Reached XP level 1. HP: 18/18 MP: 1/1
    28 | D:1      | Found Sirchiro's Weapon Emporium.
   140 | D:1      | Gained mutation: You are partially covered in large bone
                  | plates. (SH +4) [demonic ancestry]
   140 | D:1      | Reached XP level 2. HP: 24/24 MP: 2/2
   389 | D:1      | Reached ** piety under Trog
   778 | D:1      | Reached XP level 3. HP: 23/29 MP: 3/3
   934 | D:2      | Noticed Terence
  1054 | D:1      | Reached XP level 4. HP: 21/35 MP: 4/4
  1070 | D:1      | Killed Terence
  1335 | D:2      | Found Lainety's Assorted Antiques.
  1345 | D:2      | Reached skill level 5 in Axes
  1418 | D:2      | Noticed Sigmund
  1455 | D:2      | Killed Sigmund
  1456 | D:2      | Gained mutation: You are mostly covered in large bone
                  | plates. (SH +6) [demonic ancestry]
  1456 | D:2      | Reached XP level 5. HP: 9/41 MP: 5/5
  1456 | D:2      | Reached XP level 6. HP: 10/47 MP: 6/6
  1703 | D:2      | Reached *** piety under Trog
  2073 | D:2      | HP: 2/47 [poisoned by an orc]
  2595 | D:3      | Noticed an ice beast
  2615 | D:3      | Killed an ice beast
  2616 | D:3      | Gained mutation: You are completely covered in large bone
                  | plates. (SH +8) [demonic ancestry]
  2616 | D:3      | Reached XP level 7. HP: 38/52 MP: 7/7
  2870 | D:3      | Reached **** piety under Trog
  3129 | D:3      | Found an opulent altar of Gozag.
  3552 | D:4      | Found a transporter.
  3556 | D:4      | Found a one-way gate to the infinite horrors of the Abyss.
  3556 | D:4      | Noticed DaftaChap's ghost (amateur BaHu)
  3572 | D:4      | Found a transporter.
  3639 | D:4      | Found Ypniwk's Armour Emporium.
  3643 | D:4      | Bought a +0 buckler for 63 gold pieces
  3769 | D:4      | Noticed Robin
  3786 | D:4      | Killed Robin
  3806 | D:4      | Reached skill level 1 in Shields
  3924 | D:4      | Found an ancient bone altar of Kikubaaqudgha.
  4204 | D:4      | Gained mutation: You have a pair of small antennae on your
                  | head. [demonic ancestry]
  4204 | D:4      | Reached XP level 8. HP: 47/58 MP: 8/8
  4634 | D:5      | Entered Level 5 of the Dungeon
  4656 | D:5      | Reached skill level 1 in Maces & Flails
  4700 | D:5      | Noticed Blork the orc
  4700 | D:5      | Noticed Prince Ribbit
  4718 | D:5      | Killed Blork the orc
  4743 | D:5      | Noticed Menkaure
  4748 | D:5      | Killed Menkaure
  4806 | D:5      | Killed Prince Ribbit
  5209 | D:5      | Found a sacrificial altar of Ru.
  5513 | D:6      | Found an iron altar of Okawaru.
  5595 | D:6      | Reached XP level 9. HP: 63/63 MP: 9/9
  5751 | D:6      | Reached skill level 5 in Maces & Flails
  5947 | D:6      | Found a staircase to the Ecumenical Temple.
  6211 | D:7      | Noticed Jeremiah
  6222 | D:7      | Killed Jeremiah
  6324 | D:7      | Reached skill level 5 in Shields
  6485 | D:7      | Noticed a troll
  6498 | D:7      | Killed a troll
  6744 | D:7      | Noticed Maurice
  6763 | D:6      | Gained mutation: You are partially covered in sharp spines.
                  | [demonic ancestry]
  6763 | D:6      | Reached XP level 10. HP: 51/70 MP: 10/10
  6860 | D:7      | Killed Maurice
  7065 | D:7      | Found a runed translucent door.
  7067 | D:7      | Noticed Crazy Yiuf
  7156 | D:7      | Killed Crazy Yiuf
  7233 | D:8      | Noticed a centaur warrior
  7362 | D:8      | Noticed a centaur warrior
  7372 | D:8      | Killed a centaur warrior
  7373 | D:8      | Reached skill level 10 in Maces & Flails
  7466 | D:8      | Noticed a two-headed ogre
  7489 | D:8      | Killed a two-headed ogre
  7710 | D:8      | Noticed a gargoyle
  7721 | D:8      | Killed a gargoyle
  7741 | D:8      | Noticed a centaur warrior
  7768 | D:8      | Killed a centaur warrior
  7769 | D:8      | Reached XP level 11. HP: 68/78 MP: 11/11
  7855 | D:8      | Killed a centaur warrior
  7856 | D:8      | Reached skill level 5 in Fighting
  8022 | D:8      | Found a hide-covered altar of Uskayaw.
  8323 | D:8      | Found Guapewot's Antique Weapon Shop.
  8670 | D:9      | Noticed a red ugly thing
  8680 | D:9      | Killed a red ugly thing
  8729 | D:9      | Reached ***** piety under Trog
  8972 | D:9      | Noticed a two-headed ogre
  8981 | D:9      | Killed a two-headed ogre
  8982 | D:9      | Reached skill level 5 in Armour
  9262 | D:9      | Identified the +2 hand axe "Cemmop" {antimagic, rN+}
  9409 | D:10     | Entered Level 10 of the Dungeon
  9501 | D:10     | Noticed a two-headed ogre
 10092 | D:11     | Found Weapn's Book Shoppe.
 10175 | D:11     | Noticed Fannar
 10194 | D:11     | Noticed an ogre mage
 10206 | D:11     | Killed Fannar
 10211 | D:11     | Killed an ogre mage
 10235 | D:11     | Identified the +6 falchion of Ihafun {flame, *Corrode Str+5
                  | Int+6}
 10241 | D:11     | Found a staircase to the Lair.
 10679 | D:11     | Gained mutation: A meltable shield of frost defends you.
                  | (SH +4) [demonic ancestry]
 10679 | D:11     | Reached XP level 12. HP: 91/91 MP: 12/12
 10881 | D:12     | Noticed a boulder beetle
 10892 | D:11     | Killed a two-headed ogre
 11049 | D:12     | Killed a boulder beetle
 11337 | D:12     | Noticed a two-headed ogre
 11354 | D:12     | Killed a two-headed ogre
 11595 | D:12     | Noticed a boulder beetle
 11623 | D:12     | Killed a boulder beetle
 11919 | D:12     | Found a staircase to the Orcish Mines.
 12549 | Orc:1    | Entered Level 1 of the Orcish Mines
 12612 | Orc:2    | Entered Level 2 of the Orcish Mines
 12612 | Orc:2    | Found Beipteq's Antique Weapon Emporium.
 12967 | Orc:2    | Bought a dazzling morningstar for 225 gold pieces
 12967 | Orc:2    | Identified the +7 morningstar "Huxiacwe" {freeze, rN+
                  | Dex+4} (You bought it in a shop on level 2 of the Orcish
                  | Mines)
 13078 | Orc:2    | Found Boss's Magic Scroll Emporium.
 13118 | Orc:2    | Found Qit Tois's Assorted Antiques.
 13215 | Orc:2    | Found Vaotoxt's General Store.
 13379 | Orc:2    | Found Rontojuig's Book Emporium.
 13381 | Orc:2    | Found a staircase to the Elven Halls.
 13459 | Orc:2    | Found Boxzaw's Book Shop.
 13632 | Orc:2    | Received a gift from Trog
 13693 | Orc:2    | Found Wiffusiug's Antique Armour Shoppe.
 13695 | Orc:2    | Noticed an orc warlord
 13715 | Orc:2    | Killed an orc warlord
 13810 | Orc:2    | Noticed an orc high priest
 13820 | Orc:2    | Killed an orc high priest
 13831 | Orc:2    | Gained mutation: You are mostly covered in sharp spines.
                  | [demonic ancestry]
 13831 | Orc:2    | Reached XP level 13. HP: 101/101 MP: 11/13
 14218 | Orc:1    | Noticed an orc warlord
 14467 | Orc:1    | Found Regeejil's Armour Emporium.
 14549 | Orc:2    | Killed an orc warlord
 15220 | Orc:2    | Bought the +2 pair of slick slippers {slick, slippery,
                  | EV+4} for 621 gold pieces
 15220 | Orc:2    | Found the +2 pair of slick slippers {slick, slippery, EV+4}
 15316 | Lair:1   | Entered Level 1 of the Lair of Beasts
 15533 | Lair:1   | Noticed Nergalle
 15542 | Lair:1   | Killed Nergalle
 16311 | Lair:2   | Found a frozen archway.
 16571 | Lair:2   | You fall into a shaft and drop 1 floor!
 16699 | Lair:3   | Found a runed translucent door.
 16701 | Lair:3   | Noticed zenocrate's ghost (journeyman VSEn)
 16815 | Lair:3   | Reached skill level 15 in Maces & Flails
 17010 | Lair:3   | Reached skill level 1 in Throwing
 17190 | Lair:3   | Found a staircase to the Snake Pit.
 17201 | Lair:3   | Gained mutation: You have a pair of antennae on your head.
                  | [demonic ancestry]
 17201 | Lair:3   | Reached XP level 14. HP: 88/108 MP: 14/14
 17657 | Lair:3   | Found a staircase to the Swamp.
 18669 | Lair:4   | Reached skill level 10 in Fighting
 19398 | Lair:5   | Entered Level 5 of the Lair of Beasts
 19677 | Lair:5   | Reached skill level 5 in Throwing
 20155 | Lair:5   | Reached skill level 10 in Armour
 20490 | Lair:5   | Found a burning altar of Makhleb.
 20533 | Lair:5   | Reached XP level 15. HP: 112/119 MP: 13/15
 20722 | Lair:5   | Found a gateway to Hell.
 20730 | Lair:5   | Identified the staff "Tormentor" {rC+ Will+ Int+2 Ice}
 20866 | Lair:5   | Found a staircase to the Slime Pits.
 21674 | D:13     | Noticed a fenstrider witch
 21680 | D:13     | Killed a fenstrider witch
 21680 | D:13     | Identified the +0 leather armour of Nunwe {Dex+5}
 21687 | D:13     | Paralysed by a hornet for 3 turns
 21952 | D:13     | Found Jikastru's Book Shop.
 22025 | D:13     | Received a gift from Trog
 22313 | D:13     | Found Joahyugoi's Antique Armour Emporium.
 22527 | D:13     | Bought a faintly glowing ring mail for 270 gold pieces
 22527 | D:13     | Identified the +5 ring mail of Disappointment {Str+2} (You
                  | bought it in a shop on level 13 of the Dungeon)
 23175 | D:14     | You fall into a shaft and drop 1 floor!
 23175 | D:15     | Entered Level 15 of the Dungeon
 23293 | D:15     | Found Simim's General Store.
 23568 | D:14     | Found a gate to the Vaults.
 24506 | Slime:1  | Entered Level 1 of the Pits of Slime
 24506 | Slime:1  | Noticed an azure jelly
 24874 | Swamp:1  | Entered Level 1 of the Swamp
 24874 | Swamp:1  | Noticed a thorn hunter
 24886 | Swamp:1  | Killed a thorn hunter
 25757 | Swamp:1  | Noticed Mlioglotl
 25793 | Swamp:2  | Noticed a fenstrider witch
 25808 | Swamp:2  | HP: 5/120 [poisoned by a fenstrider witch]
 25808 | Swamp:2  | Killed a fenstrider witch
 25809 | Swamp:2  | Gained mutation: You are robust. (+10% HP) [demonic
                  | ancestry]
 25809 | Swamp:2  | Reached XP level 16. HP: 5/142 MP: 1/16
 26197 | Swamp:2  | Noticed Nikola
 26220 | Swamp:2  | Killed Nikola
 27381 | Swamp:3  | Found the +2 cloak of the Thief {*Fog Slay-2 SInv Stlth+}
 27712 | Swamp:4  | Entered Level 4 of the Swamp
 27938 | Swamp:4  | Reached skill level 10 in Throwing
 28098 | Swamp:4  | Identified the +1 scimitar of Roiluxzoi {freeze, rPois
                  | Will- Dex+3}
 29332 | Swamp:4  | Got a decaying rune of Zot
 29629 | Snake:1  | Entered Level 1 of the Snake Pit
 29632 | Snake:1  | Identified the serpent talisman of Fanaticism {rC+ Str+4
                  | Slay+2}
 29632 | Snake:1  | Noticed Aizul
 29654 | Snake:1  | Killed Aizul
 29879 | Lair:3   | Killed zenocrate's ghost
 30168 | Snake:1  | Gained mutation: You have a pair of large antennae on your
                  | head. (SInv) [demonic ancestry]
 30168 | Snake:1  | Reached XP level 17. HP: 154/154 MP: 0/17
 30185 | Snake:1  | Reached skill level 15 in Fighting
 30441 | Snake:1  | Found Jutut's Jewellery Boutique.
 30507 | Snake:1  | Bought the amulet of Bugozxat {Acrobat Rampage Regen+
                  | Str-4} for 390 gold pieces
 30740 | Snake:1  | Found Fushiguc's General Store.
 30964 | Snake:1  | Identified a scroll of acquirement
 30965 | Snake:1  | Acquired 1318 gold pieces
 31145 | Orc:2    | Bought a shiny plate armour for 702 gold pieces
 31190 | Orc:2    | Bought a manual of Throwing for 1120 gold pieces
 31905 | Snake:2  | Found Jyideuh's Assorted Antiques.
 31940 | Snake:2  | Found Casitrirch's Weapon Emporium.
 31940 | Snake:2  | Found Wuluasm's Assorted Antiques.
 31948 | Snake:2  | Found Udghus's Book Shoppe.
 32012 | Snake:2  | Reached skill level 10 in Axes
 32136 | Snake:2  | Found a large runed translucent door.
 32136 | Snake:2  | Found a large runed translucent door.
 32139 | Snake:2  | Noticed middlethird's ghost (journeyman VSCj)
 32353 | Snake:2  | Killed middlethird's ghost
 33819 | Snake:4  | Entered Level 4 of the Snake Pit
 33962 | Snake:4  | Gained mutation: You are very robust. (+20% HP) [demonic
                  | ancestry]
 33962 | Snake:4  | Reached XP level 18. HP: 178/178 MP: 6/18
 34269 | Snake:4  | Demolished by a nagaraja

Illustrated notes

Levels and vault maps discovered:
D:1:      shiori_shiawase, layout_loops_ring, serial_shops, shop
D:2:      layout_rooms, serial_shops, shop, minmay_octomino_j4, uniq_sigmund,
          uniq_terence
D:3:      layout_loops_cross, mainiacjoe_overflow_boulevard, lemuel_round_altar
D:4:      cheibrodos_greedy_goblins, layout_loops_corners,
          lemuel_zombie_altar_kikubaaqudgha, serial_shops, kennysheep_mini,
          gammafunk_ghost_abyssal_escape, uniq_robin
D:5:      layout_loops_ring, nicolae_ru_path_of_blood, uniq_blork_the_orc,
          uniq_menkaure, uniq_prince_ribbit1
D:6:      layout_basic, okawaru_metal_pillars_1_2, minmay_temple_entry_hall,
          hangedman_decor_opposing
D:7:      minmay_angry_zag, layout_cave_pools, nzn_random_ring, uniq_maurice,
          uniq_crazy_yiuf_cottage, uniq_jeremiah
D:8:      minmay_the_grid_octo_triangle [minmay_the_grid_octo_horde,
          minmay_the_grid_octo_prize_square_snowflake,
          minmay_the_grid_octo_chip], layout_cave_pools,
          nicolae_uskayaw_murder_on_the_dancefloor, serial_shops, shop
D:9:      layout_loops_ring, minmay_misc_feat_secret_circle, evilmike_butchery
D:10:     layout_loops_cross, zin_academy, minmay_holes
D:11:     layout_basic, lair_entry_dummy, serial_shops, nicolae_stop_n_shop_2,
          minmay_radiant, uniq_fannar
D:12:     layout_long_grid, david_orc_5
D:13:     hellmonk_paralyzer, layout_basic, serial_shops,
          nicolae_shop_pleasant_corner_grove, shop, onia_ninara_cookie
D:14:     layout_long_grid, hangedman_vaults_entry_quadrant_bands,
          chequers_avenue
D:15:     grunt_enter_depths_magical_seal, layout_cave_pools,
          nzn_hepliaklqana_mist_gate, serial_shops, nicolae_shop_statue_plus
Lair:1:   layout_long_grid, uniq_nergalle
Lair:2:   layout_hall_layers, portal_ice_cave_entry_pillars_1
Lair:3:   layout_long_grid, nicolae_swamp_entry_splash_gauntlet,
          guppyfry_snake_entry_garden, gammafunk_ghost_grave
Lair:4:   layout_regular_city
Lair:5:   evil_forest, layout_loops_ring, nicolae_slime_entry_field_trip,
          lightli_volcano_entry_magma_tube, hangedman_lair_unloving_vines,
          st_stairs_3
Swamp:1:  nicolae_swamp_flooded_prison, layout_basic_swamp,
          evilmike_swamp_ruin_house_1, uniq_mlioglotl
Swamp:2:  layout_falls_marsh, hangedman_swamp_ruin_wall, swamp_pool_3,
          uniq_nikola
Swamp:3:  layout_falls_marsh, evilmike_swamp_ruin_wall
Swamp:4:  grunt_swamp_rune_castle, layout_basic_swamp
Snake:1:  layout_cave_shapes, serial_shops, nicolae_shop_gaudy_bauble,
          nicolae_shop_tiny_real_fake_doors, uniq_aizul
Snake:2:  nicolae_snake_unarmed_stairs_patrol, layout_onion_interference,
          ebering_ghost_disaster_area, minmay_shoptagon, serial_bayou_shore_a
Snake:3:  layout_layer_cave, hangedman_snake_corridor_cut,
          nicolae_triple_integral, lemuel_fruit_tree
Snake:4:  grunt_snake_rune_pools, layout_misc_corridors, nrook_loot_triangle
Slime:1:  layout_caves
Orc:1:    layout_caves, serial_shops, nicolae_shop_mannequins
Orc:2:    grunt_orc_gardens, layout_caves, grunt_orc_garden, grunt_orc_garden,
          grunt_orc_garden, grunt_orc_garden, serial_shops,
          nicolae_shop_tiny_glass, nicolae_diamond_shop, shop,
          nicolae_orc_sculptors_studio

Skill      XL: |  1  2  3  4  5  6  7  8  9 10 11 12 13 14 15 16 17 18 |
---------------+-------------------------------------------------------+-----
Axes           | 3 4 6 7 8 9 12 | 12.6
Shields        | 1 4 5 6 8 9 |  9.3
Maces & Flails | 4 8 10 12 15 | 15.0
Armour         | 3 6 7 8 10 11 13 | 13.7
Fighting       | 4 7 9 11 13 14 15 | 15.2
Throwing       | 1 6 8 11 13 14 | 14.3
Dodging        | |  1.7

Action                     |  1- 3 |  4- 6 |  7- 9 | 10-12 | 13-15 | 16-18 || total
---------------------------+-------+-------+-------+-------+-------+-------++-------
  Melee: Hand axe          |    85 |   215 |   202 |       |       |       ||   502
         Punch             |       |     4 |       |       |       |       ||     4
         Demon whip        |       |       |   195 |   539 |       |       ||   734
         Morningstar       |       |       |       |    68 |  1027 |   603 ||  1698
         Broad axe         |       |       |       |       |       |   559 ||   559
  Throw: Boomerang         |       |       |       |       |       |    31 ||    31
         Javelin           |       |       |       |       |       |     5 ||     5
         Throwing net      |       |       |       |       |       |     1 ||     1
 Invoke: Trog's Hand       |       |       |    12 |    16 |    30 |    29 ||    87
         Berserk           |       |       |     3 |     9 |     8 |     9 ||    29
         Brothers in Arms  |       |       |       |       |     2 |     1 ||     3
    Use: Scroll            |     3 |     3 |     6 |     6 |    12 |     8 ||    38
         Potion            |       |     4 |       |     1 |     2 |     3 ||    10
   Stab: Distracted        |       |       |       |     1 |     1 |       ||     2
         Sleeping          |       |       |       |       |       |     1 ||     1
 Armour: Animal skin       |    29 |       |       |       |       |       ||    29
         Chain mail        |    31 |    12 |       |       |       |       ||    43
         Scale mail        |       |   150 |   200 |   167 |       |       ||   517
         Plate armour      |       |       |       |    70 |   457 |   314 ||   841
         Ring mail         |       |       |       |       |   119 |   333 ||   452
  Dodge: Dodged            |    61 |   103 |   125 |    90 |   287 |   369 ||  1035
  Block: Other             |    18 |    59 |    37 |       |       |       ||   114
         Buckler           |       |       |   160 |   320 |   821 |  1031 ||  2332
